Map: [ESL] Berlingrad

Players

Trap - Winner!

  • Race: Protoss Protoss

Zest

  • Race: Protoss Protoss

Event: IEM Katowice 2022

VOD

Have the link to the VOD?

Description

Time

  • Played on: Feb. 25, 2022, 4:51 a.m.
  • Length: 6:40

All games in this series

Show
View Real Time Build Order
Export as new Build Order

Trap Protoss - Winner!

Build Orders: 1 Gate Expand 

Get SALT Encoding   

  12  0:00  Probe  
  13  0:12  Probe  
  14  0:17  Pylon  
  14  0:24  Probe (Chrono Boost)  
  15  0:36  Probe (Chrono Boost)  
  15  0:37  Gateway  
  16  0:45  Probe (Chrono Boost)  
  16  0:47  Assimilator  
  17  0:50  Probe  
  18  1:03  Probe  
  19  1:15  Probe  
  20  1:23  Nexus  
  20  1:32  Cybernetics Core  
  20  1:35  Probe  
  21  1:42  Assimilator  
  21  1:47  Probe  
  21  1:51  Pylon  
  22  1:59  Probe  
  23  2:06  Stalker (Chrono Boost), Warp Gate (Chrono Boost)  
  23  2:11  Probe  
  26  2:23  Probe  
  26  2:29  Stalker  
  29  2:35  Probe  
  29  2:36  Probe  
  31  2:38  Shield Battery  
  31  2:45  Robotics Facility  
  31  2:52  Probe x2  
  33  2:59  Stalker  
  35  3:08  Gateway, Probe  
  35  3:10  Probe  
  37  3:26  Pylon  
  37  3:30  Immortal (Chrono Boost)  
  37  3:32  Pylon  
  41  3:46  Stalker  
  42  3:53  Shield Battery  
  42  3:59  Immortal (Chrono Boost)  
  46  4:05  Stalker  
  46  4:09  Stalker  
  50  4:18  Probe  
  52  4:26  Immortal (Chrono Boost)  
  52  4:30  Stalker  
  57  4:33  Shield Battery  
  57  4:39  Stalker  
  59  4:57  Warp Prism (Chrono Boost), Probe  
  62  5:01  Pylon, Probe  
  62  5:07  Pylon  
  61  5:15  Probe  
  61  5:19  Probe  
  63  5:24  Immortal (Chrono Boost)  
  63  5:28  Stalker  
  69  5:30  Pylon  
  69  5:35  Twilight Council  
  69  5:43  Probe  
  69  5:48  Probe  
  71  5:53  Immortal (Chrono Boost)  
  75  6:01  Pylon  
  75  6:07  Stalker  
  77  6:12  Probe  
  77  6:17  Probe  
  71  6:32  Stalker x2  
Show
View Real Time Build Order
Export as new Build Order

Zest Protoss 

Build Orders: Blink Stalkers 

Get SALT Encoding   

  12  0:00  Probe  
  13  0:12  Probe  
  14  0:17  Pylon  
  14  0:24  Probe (Chrono Boost)  
  15  0:36  Gateway, Probe (Chrono Boost)  
  16  0:44  Probe (Chrono Boost)  
  16  0:45  Assimilator  
  17  0:51  Probe  
  17  0:53  Assimilator  
  18  1:03  Probe (Chrono Boost)  
  19  1:07  Gateway  
  19  1:13  Probe (Chrono Boost)  
  19  1:18  Probe (Chrono Boost)  
  20  1:23  Cybernetics Core  
  21  1:29  Probe  
  22  1:34  Pylon  
  22  1:41  Probe  
  23  1:53  Probe  
  24  2:00  Stalker x2  
  28  2:02  Warp Gate  
  28  2:11  Pylon  
  28  2:25  Twilight Council  
  28  2:33  Stalker  
  28  2:35  Stalker  
  32  2:55  Blink (Chrono Boost)  
  32  2:56  Gateway  
  32  3:07  Gateway  
  32  3:13  Pylon  
  32  3:21  Pylon  
  32  3:50  Stalker x3  
  38  4:02  Stalker  
  40  4:15  Stalker x3  
  46  4:22  Pylon  
  44  4:53  Stalker, Nexus  
  46  5:03  Sentry x2  
  51  5:14  Probe  
  49  5:22  Sentry x2  
  49  5:27  Probe  
  54  5:33  Pylon  
  54  5:48  Nexus  
  55  6:04  Stalker x2  
  54  6:07  Shield Battery  
  54  6:17  Zealot x2  
  46  6:29  Zealot x2  

Tags
 
Add a new tag
Caveats
  • Supply blocks, unpowered buildings, or Contaminate may cause inaccurate times.
  • Supply counts are checked every 10 seconds.